 Dungeon Crawl Stone Soup version 0.31-a0-246-g8cbcc1cb85 (webtiles) character file.

Game seed: 12464362024079789378

831 qw the Skirmisher (level 7, -8/59 HPs)
             Began as a Minotaur Hexslinger on July 12, 2023.
             Mangled by a yak (9 damage)
             ... on level 5 of the Dungeon.
             The game lasted 00:01:32 (3559 turns).

qw the Skirmisher (Minotaur Hexslinger)             Turns: 3559, Time: 00:01:32

Health: -8/59      AC:  6    Str: 12    XL:     7   Next: 65%
Magic:  7/7        EV: 12    Int: 10    God:
Gold:   181        SH:  0    Dex: 21    Spells: 7/8 levels left

rFire   . . .        q - +0 orcbow
rCold   . . .        (shield currently unavailable)
rNeg    . . .        g - +0 ring mail
rPois   .            (helmet restricted)
rElec   .            (no cloak)
rCorr   .            (no gloves)
SInv    +            n - +0 pair of boots
Will    .....        (no amulet)
Stlth   +            f - +6 ring of dexterity
HPRegen 0.29/turn    m - ring of see invisible
MPRegen 0.10/turn

%: no passive effects
@: about to teleport
A: horns 2, retaliatory headbutt
a: no special abilities


You were on level 5 of the Dungeon.
You visited 1 branch of the dungeon, and saw 5 of its levels.

You collected 216 gold pieces.
You spent 35 gold pieces at shops.


Innate Abilities, Weirdness & Mutations

You have a pair of horns on your head.
You reflexively headbutt those who attack you in melee.


   Skills:
 - Level 4.2 Fighting
 - Level 8.2 Ranged Weapons
 + Level 1.1 Armour
 - Level 3.9 Dodging
 - Level 1.0 Spellcasting
 - Level 2.0 Hexes


You had 7 spell levels left.
You knew the following spells:

 Your Spells              Type           Power      Damage    Failure   Level
a - Slow                  Hex            16%        N/A       34%         1

Your spell library contained the following spells:

 Spells                   Type           Power      Damage    Failure   Level
 Inner Flame              Hex/Fire       2%         N/A       83%         3
 Portal Projectile        Hex/Tloc       4%         N/A       83%         3
 Cause Fear               Hex            2%         N/A       98%         4

Inventory:

Hand Weapons
 q - a +0 orcbow (weapon)
Armour
 g - a +0 ring mail (worn)
 n - a +0 pair of boots (worn)
Jewellery
 b - a +4 ring of protection
 f - a +6 ring of dexterity (left hand)
 m - a ring of see invisible (right hand)
Scrolls
 d - a scroll of identify
Potions
 c - a potion of heal wounds {unknown}
 e - a potion of enlightenment {unknown}
 h - a potion of resistance
 i - a potion of degeneration {unknown}
 j - a potion of brilliance {unknown}
 k - a potion of lignification {unknown}
 l - a potion of attraction {unknown}
 o - a potion of mutation {unknown}
 p - a potion of curing
 r - a potion of invisibility {unknown}

Dungeon Overview and Level Annotations

Branches:
Dungeon (5/15)
 Temple: D:4-7

Altars:
The Shining One
Lugonu

Shops:
D:3 (

Portals:
Abyss: D:3


Message History

Your Ranged Weapons skill increases to level 8!
You shoot an arrow. The orc priest shouts!
The arrow hits the orc!
You kill the orc!
You hear a shout!
You shoot an arrow. The arrow hits the yak!
The yak is moderately wounded.
The yak gores you but does no damage.
An orc comes into view. It is wielding a +0 falchion.
You shoot an arrow. The arrow completely misses the yak.
The orc hits you but does no damage. The yak misses you.
You shoot an arrow. The arrow hits the yak!
The yak is heavily wounded.
The yak gores you but does no damage. The yak closely misses you.
You furiously retaliate!
You headbutt the yak! The yak gores you but does no damage.
You shoot an arrow. The arrow hits the yak.
The yak is severely wounded.
The orc barely misses you. You furiously retaliate!
You headbutt the orc. The orc hits you but does no damage.
The yak closely misses you. The yak gores you! x2
The orc priest invokes the aid of Beogh against you.
Beogh smites you!
You shoot an arrow. The arrow hits the yak!
The yak is almost dead.
The yak misses you. The yak barely misses you. You furiously retaliate!
You headbutt the yak. The yak gores you! The orc closely misses you.
3558 ||| READING scroll of teleportation.
As you read the scroll of teleportation, it crumbles to dust.
You feel strangely unstable. The orc hits you but does no damage.
The orc barely misses you. The yak gores you but does no damage.
The yak gores you! The yak gores you.
You shoot an arrow. The arrow closely misses the yak.
The orc barely misses you. You furiously retaliate!
You headbutt the orc!
You kill the orc!
The orc hits you but does no damage. The orc closely misses you.
The yak gores you but does no damage. The yak closely misses you.
The yak gores you!
You die...

# #. #.#.
#.#. . #...
..
#.#.#####.#
#....<....#.
#............
#....o....###
#..Y@o....#
#..YYo.....#
#............
#?..$.......#
#........#.##
#........#.#
#.####.... #.
####.


You could see 3 yaks, an orc priest and 2 orcs.

Vanquished Creatures
  Eustachio (D:4)
  A yak (D:5)
  Duvessa (D:3)
  A phantom (D:4)
  Dowan (D:3)
  3 hounds (D:4)
  2 orc priests (D:4)
  An iguana (D:4)
  5 adders
  2 worms
  4 dart slugs
  6 orcs
  4 ball pythons
  5 endoplasms
  3 giant cockroaches
  3 goblins
  4 hobgoblins
  6 jackals (D:3)
  15 kobolds
  4 quokkas
  3 bats
  3 frilled lizards
  4 rats
  A lurking horror (D:3)
83 creatures vanquished.

Notes
Turn   | Place    | Note
-------+----------+-------------------------------------------
     0 | D:1      | qw the Minotaur Hexslinger began the quest for the Orb.
     0 | D:1      | Reached XP level 1. HP: 16/16 MP: 1/1
     0 | D:1      | 0 ||| qw: Version: 0.3-a-52-g30416fa
     0 | D:1      | 0 ||| qw: Game counter: 6317
     0 | D:1      | 0 ||| qw: Melee chars always use a shield: true
     0 | D:1      | 0 ||| qw: God list: Okawaru
     0 | D:1      | 0 ||| qw: Allow faded altars: false
     0 | D:1      | 0 ||| qw: Do Orc after clearing Dungeon:15 true
     0 | D:1      | 0 ||| qw: Do second Lair branch before Depths: true
     0 | D:1      | 0 ||| qw: Lair rune preference: random
     0 | D:1      | 0 ||| qw: Goals: Normal
     0 | D:1      | 0 ||| PLANNING D:1-11
   156 | D:1      | Reached skill level 3 in Ranged Weapons
   156 | D:1      | Reached XP level 2. HP: 23/23 MP: 2/2
   198 | D:1      | 198 ||| FLEEEEING.
   199 | D:1      | 199 ||| FLEEEEING.
   553 | D:1      | 553 ||| UPGRADING to +0 leather armour.
   563 | D:1      | 563 ||| DROPPING +0 robe.
   564 | D:1      | 564 ||| UPGRADING to +0 ring mail.
   574 | D:1      | 574 ||| DROPPING +0 leather armour.
   575 | D:1      | 575 ||| UPGRADING to +4 ring of protection.
   576 | D:1      | 576 ||| UPGRADING to ring of see invisible.
   577 | D:1      | 577 ||| READING 4 scrolls labelled HAUSIBBOEMOF.
   582 | D:1      | 582 ||| READING scroll labelled WUFYOXZECK.
   583 | D:1      | 583 ||| READING scroll labelled ZUHOLI PIQYLAO.
   584 | D:1      | 584 ||| DRINKING 2 purple potions.
   585 | D:1      | 585 ||| DROPPING scroll of poison.
   612 | D:2      | 612 ||| STAIRDANCE
   759 | D:2      | Reached XP level 3. HP: 29/29 MP: 3/3
   821 | D:2      | Reached skill level 4 in Ranged Weapons
   868 | D:2      | Reached skill level 1 in Armour
  1015 | D:2      | Reached XP level 4. HP: 36/36 MP: 4/4
  1211 | D:2      | 1211 ||| UPGRADING to +0 pair of boots.
  1216 | D:2      | 1216 ||| UPGRADING to +6 ring of dexterity.
  1218 | D:2      | 1218 ||| READING scroll labelled VATOSU WA MURU.
  1219 | D:2      | 1219 ||| READING scroll labelled ORROEPT CUTWAONKUJ.
  1312 | D:3      | Found a faded altar of an unknown god.
  1463 | D:3      | Found a one-way gate to the infinite horrors of the Abyss.
  1463 | D:3      | Found a corrupted altar of Lugonu.
  1593 | D:3      | Found Giamem's Weapon Emporium.
  1601 | D:3      | 1601 ||| BUYING +0 orcbow (35 gold).
  1601 | D:3      | Bought a +0 orcbow for 35 gold pieces
  1601 | D:3      | 1601 ||| SWAPPING to +0 orcbow.
  1602 | D:3      | 1602 ||| DROPPING +1 sling of chaos.
  1748 | D:3      | Found a glowing golden altar of the Shining One.
  1831 | D:4      | Reached skill level 5 in Ranged Weapons
  1833 | D:4      | Noticed a phantom
  1840 | D:4      | Reached XP level 5. HP: 34/41 MP: 5/5
  1844 | D:4      | Killed a phantom
  1845 | D:4      | Reached skill level 3 in Fighting
  1933 | D:4      | Reached XP level 6. HP: 25/52 MP: 6/6
  1945 | D:4      | 1945 ||| FLEEEEING.
  1946 | D:4      | 1946 ||| FLEEEEING.
  1947 | D:4      | 1947 ||| FLEEEEING.
  1948 | D:4      | 1948 ||| FLEEEEING.
  1949 | D:4      | 1949 ||| FLEEEEING.
  2000 | D:4      | 2000 ||| FLEEEEING.
  2084 | D:4      | Reached skill level 6 in Ranged Weapons
  2095 | D:4      | Noticed Eustachio
  2098 | D:4      | 2098 ||| FLEEEEING.
  2110 | D:4      | HP: 10/52 [river rat[Eustachio] (6)]
  2111 | D:4      | 2111 ||| READING 3 scrolls of teleportation.
  2112 | D:4      | HP: 4/52 [river rat[Eustachio] (2)]
  2114 | D:4      | Noticed Duvessa
  2115 | D:4      | 2115 ||| FLEEEEING.
  2116 | D:4      | 2116 ||| FLEEEEING.
  2117 | D:4      | 2117 ||| FLEEEEING.
  2118 | D:4      | 2118 ||| FLEEEEING.
  2119 | D:4      | 2119 ||| FLEEEEING.
  2120 | D:4      | 2120 ||| FLEEEEING.
  2121 | D:4      | 2121 ||| FLEEEEING.
  2122 | D:4      | 2122 ||| FLEEEEING.
  2123 | D:4      | 2123 ||| FLEEEEING.
  2124 | D:4      | 2124 ||| FLEEEEING.
  2125 | D:4      | 2125 ||| FLEEEEING.
  2126 | D:4      | 2126 ||| FLEEEEING.
  2132 | D:4      | 2132 ||| STAIRDANCE
  2288 | D:4      | 2288 ||| STAIRDANCE
  2344 | D:4      | 2344 ||| STAIRDANCE
  2403 | D:4      | 2403 ||| STAIRDANCE
  2458 | D:4      | 2458 ||| STAIRDANCE
  2485 | D:4      | 2485 ||| STAIRDANCE
  2537 | D:4      | 2537 ||| STAIRDANCE
  2579 | D:4      | Noticed Dowan
  2580 | D:4      | 2580 ||| STAIRDANCE
  2638 | D:4      | 2638 ||| STAIRDANCE
  2642 | D:3      | HP: 12/52 [Duvessa/+0 short sword (4)]
  2643 | D:3      | 2643 ||| READING 2 scrolls of teleportation.
  2643 | D:3      | Killed Duvessa
  2756 | D:3      | Killed Dowan
  2757 | D:3      | Reached skill level 7 in Ranged Weapons
  2939 | D:4      | Killed Eustachio
  2940 | D:4      | Reached skill level 3 in Dodging
  2940 | D:4      | Reached XP level 7. HP: 48/59 MP: 7/7
  3542 | D:5      | Entered Level 5 of the Dungeon
  3545 | D:5      | Noticed a yak
  3547 | D:5      | Noticed a yak
  3549 | D:5      | Noticed a yak
  3550 | D:5      | Noticed a yak
  3551 | D:5      | Killed a yak
  3552 | D:5      | Reached skill level 8 in Ranged Weapons
  3557 | D:5      | HP: 14/59 [yak (8)]
  3558 | D:5      | 3558 ||| READING scroll of teleportation.
  3558 | D:5      | HP: 2/59 [yak (12)]
  3559 | D:5      | Mangled by a yak

Levels and vault maps discovered:
D:1:      dpeg_arrival_windows_large_door, layout_basic
D:2:      layout_rooms, minmay_misc_feat_plants, minmay_tromino_v4_c
D:3:      layout_rooms, tso_altar, shapermc_ecumenical_altar_gd, serial_shops,
          nicolae_shop_bloodbath_and_beyond, amcnicky_altar_lugonu_corruption
D:4:      layout_basic, dreamdust_princess_bridge, grunt_ministairs_6,
          uniq_eustachio, uniq_duvessa
D:5:      layout_basic, minitemple, vehumet_statue,
          minmay_temple_entry_statues_fountains, gammafunk_ghost_smash,
          chequers_serial_rivers_large_b, kennysheep_path_1, uniq_menkaure,
          uniq_edmund, uniq_pikel

Skill      XL: |  1  2  3  4  5  6  7 |
---------------+----------------------+-----
Ranged Weapons | 3 4 5 7 8 |  8.2
Fighting       | 2 3 4 |  4.2
Armour         | 1 |  1.1
Dodging        | 3 |  3.9
Spellcasting   | |  1.0
Hexes          | |  2.0

Action                     |  1- 3 |  4- 6 |  7- 9 || total
---------------------------+-------+-------+-------++-------
   Fire: Sling             |   115 |    51 |       ||   166
         Orcbow            |       |    96 |    38 ||   134
    Use: Scroll            |     3 |     4 |     1 ||     8
         Potion            |     1 |       |       ||     1
 Armour: Ring mail         |    41 |    42 |    14 ||    97
  Dodge: Dodged            |    34 |    75 |    20 ||   129

Table legend:
 A = Non-vault XP
 B = Vault XP
 C = Vault XP percentage of total XP
 D = Non-vault monster count
 E = Vault monster count
 F = Vault count percentage of total count
                 A         B        C        D         E       F
            +---------+---------+-------+---------+---------+-------
      Total |     661 |     530 |  44.5 |      72 |      10 |  12.2
            +---------+---------+-------+---------+---------+-------
        D:1 |      26 |       5 |  16.1 |      14 |       1 |   6.7
        D:2 |      74 |       2 |   2.6 |      19 |       1 |   5.0
        D:3 |      35 |     223 |  86.4 |      18 |       2 |  10.0
        D:4 |     311 |     300 |  49.1 |      18 |       6 |  25.0
        D:5 |     215 |       0 |   0.0 |       3 |       0 |   0.0
            +---------+---------+-------+---------+---------+-------
